 Dungeon Crawl Stone Soup version 0.24-a0-250-g6074511 (webtiles) character file.

Game seed: 6928229934037945798

119 Borgoz the Cutter (level 5, 0/32 HPs)
             Began as a Kobold Gladiator on Apr 14, 2019.
             Slain by Natasha (3 damage)
             ... on level 3 of the Dungeon.
             The game lasted 00:04:26 (1803 turns).

Borgoz the Cutter (Kobold Gladiator)                Turns: 1803, Time: 00:04:27

Health: 0/32       AC:  5    Str: 13    XL:     5   Next: 24%
Magic:  14/14      EV: 17    Int:  9    God:
Gold:   79         SH:  0    Dex: 16    Spells: 4/4 levels left

rFire    . . .     SeeInvis .   a - +0 rapier
rCold    . . .     Gourm    .   (shield restricted)
rNeg     . . .     Faith    .   b - +0 leather armour
rPois    .         Spirit   .   c - +0 helmet
rElec    .         Reflect  .   j - +0 cloak
rCorr    .         Harm     .   (no gloves)
MR       .....                  (no boots)
Stlth    +.........             (no amulet)
HPRegen  0.10/turn              n - ring of magical power
MPRegen  0.14/turn              q - ring of flight

@: lethally poisoned (0 -> -1), slowed, very slow
A: small, carnivore
a: Evoke Flight


You were on level 3 of the Dungeon.
You were completely stuffed.

You visited 1 branch of the dungeon, and saw 3 of its levels.

You collected 79 gold pieces.

Inventory:

Hand Weapons
 a - a +0 rapier (weapon)
Missiles
 d - 3 throwing nets (quivered)
Armour
 b - a +0 leather armour (worn)
 c - a +0 helmet (worn)
 j - a +0 cloak (worn)
Jewellery
 n - a ring of magical power (left hand)
 q - a ring of flight (right hand)
Scrolls
 e - 3 scrolls of teleportation {unknown}
 h - 3 scrolls of identify {unknown}
 i - 2 scrolls of remove curse {unknown}
 k - a scroll of enchant armour {unknown}
 l - a scroll of fear {unknown}
 m - a scroll of noise {unknown}
Comestibles
 f - 7 rations
 g - 4 chunks of flesh


   Skills:
 + Level 3.3 Fighting
 + Level 5.0 Short Blades
 - Level 2.1 Throwing
 + Level 1.6 Armour
 + Level 4.5 Dodging


You had 4 spell levels left.
You didn't know any spells.
Your spell library was empty.

Dungeon Overview and Level Annotations

Branches:
Dungeon (3/15)

Altars:

Annotations:
D:3 Natasha


Innate Abilities, Weirdness & Mutations

You are small and have problems with some larger weapons.
You are carnivorous and can eat meat at any time.


Message History

You hit Natasha but do no damage.
Natasha is severely wounded.
You feel sick.
Natasha howls an incantation.
Natasha glows brightly for a moment.
Natasha casts a spell at you.
The magic dart hits you but does no damage.
The shadow imp closely misses you. Natasha completely misses you.
You closely miss Natasha.
Natasha is severely wounded.
The shadow imp barely misses you.
Natasha stares at you and mumbles some strange words.
You feel as though you will be slow longer.
The shadow imp gestures at you. Pain shoots through your body!
* * * LOW HITPOINT WARNING * * *
You hit Natasha.
Natasha is almost dead.
Natasha claws you.
You die...

.....# .....# .....#
.....# ######. .....#
###### ....... .....#
#....# .......
.....#######....##r......
..>............5@hg......
....########....##.......
..รท.# #...[# #######
##.## #....# #.# #....#
#.# ###### #.######
#......# #......#


You could see Natasha, a gnoll, a shadow imp and a rat.

Vanquished Creatures
  3 gnolls (D:3)
  4 adders
  An ooze (D:3)
  3 dart slugs
  2 giant cockroaches (D:1)
  6 hobgoblins
  2 jackals (D:1)
  4 kobolds
  A quokka (D:2)
  6 bats
  3 frilled lizards
  6 goblins
  9 rats
50 creatures vanquished.

Notes
Turn   | Place    | Note
-------+----------+-------------------------------------------
     0 | D:1      | Borgoz the Kobold Gladiator began the quest for the Orb.
     0 | D:1      | Reached XP level 1. HP: 12/12 MP: 1/1
   197 | D:1      | Reached XP level 2. HP: 18/18 MP: 2/2
   699 | D:1      | Reached XP level 3. HP: 22/22 MP: 3/3
  1111 | D:2      | Reached skill level 1 in Armour
  1266 | D:2      | Reached XP level 4. HP: 25/28 MP: 4/4
  1754 | D:3      | Noticed Natasha
  1784 | D:3      | Reached XP level 5. HP: 18/32 MP: 5/5
  1786 | D:3      | Reached skill level 5 in Short Blades
  1803 | D:3      | Slain by Natasha

Levels and vault maps discovered:
D:1:      dpeg_arrival_orchard, layout_loops_ring
D:2:      layout_basic
D:3:      layout_basic, uniq_ijyb, uniq_grinder, uniq_natasha

Skill      XL: |  1  2  3  4  5 |
---------------+----------------+-----
Dodging        | 4 |  4.5
Armour         | 1 |  1.6
Fighting       | 3 |  3.3
Short Blades   | 5 |  5.0
Throwing       | |  2.1

Action                   |  1- 3 |  4- 6 || total
-------------------------+-------+-------++-------
Melee: Rapier            |    98 |    68 ||   166
  Use: Potion            |       |     2 ||     2
 Stab: Sleeping          |     1 |       ||     1
  Eat: Chunk             |    10 |     1 ||    11
Armor: Leather armour    |    22 |    11 ||    33
Dodge: Dodged            |    75 |    43 ||   118

Table legend:
 A = Non-vault XP
 B = Vault XP
 C = Vault XP percentage of total XP
 D = Non-vault monster count
 E = Vault monster count
 F = Vault count percentage of total count
                 A         B        C        D         E       F
            +---------+---------+-------+---------+---------+-------
      Total |     171 |       0 |   0.0 |      50 |       0 |   0.0
            +---------+---------+-------+---------+---------+-------
        D:1 |      34 |       0 |   0.0 |      23 |       0 |   0.0
        D:2 |      61 |       0 |   0.0 |      20 |       0 |   0.0
        D:3 |      76 |       0 |   0.0 |       7 |       0 |   0.0
            +---------+---------+-------+---------+---------+-------
